 Dungeon Crawl Stone Soup version 0.26.0-16-gc1dbca0489 (webtiles) character file.

Game seed: 73053033722192694

123 thiole the Sneak (level 5, 0/31 HPs)
             Began as an Octopode Hedge Wizard on Jan 20, 2021.
             Succumbed to an adder's poison
             ... on level 3 of the Dungeon.
             The game lasted 00:02:26 (1909 turns).

thiole the Sneak (Octopode Hedge Wizard)            Turns: 1909, Time: 00:02:26

Health: 0/31       AC:  1    Str:  7 (9)  XL:     5   Next: 7%
Magic:  10/10      EV: 14    Int: 15 (17) God:
Gold:   163        SH:  0    Dex: 16 (18) Spells: 10/11 levels left

rFire    . . .     SeeInvis .   a - +0 dagger
rCold    . . .     Faith    .   (no shield)
rNeg     . . .     Spirit   .   b - +0 hat
rPois    .         Reflect  .   (no amulet)
rElec    .         Harm     .   k - +6 ring of dexterity
rCorr    .         Rampage  .   (no ring)
Will     .....                  (no ring)
Stlth    ++++......             (no ring)
HPRegen  0.10/turn              (no ring)
MPRegen  0.12/turn              (no ring)
                                (no ring)
                                (no ring)

@: mighty, lethally poisoned (0 -> -5), hasted, very quick
A: almost no armour, stealthy swim, amphibious, 8 rings, constrict 8, camouflage
1, gelatinous body 1
a: no special abilities


You were on level 3 of the Dungeon.
You visited 1 branch of the dungeon, and saw 3 of its levels.

You collected 163 gold pieces.

Inventory:

Hand Weapons
 a - a +0 dagger (weapon)
Armour
 b - a +0 hat (worn)
Jewellery
 k - a +6 ring of dexterity (left tentacle)
Scrolls
 c - 2 scrolls of identify {unknown}
 d - a scroll of immolation {unknown}
 f - 4 scrolls of teleportation {unknown}
 h - a scroll of noise {unknown}
 i - a scroll of enchant weapon {unknown}
 j - a scroll of magic mapping {unknown}
 m - 2 scrolls of remove curse {unknown}
 o - a scroll of amnesia {unknown}
Potions
 n - 2 potions of haste


   Skills:
 - Level 2.0 Dodging
 + Level 4.7 Stealth
 + Level 3.9 Spellcasting
 - Level 2.0 Conjurations
 - Level 2.0 Summonings
 - Level 1.0 Translocations


You had 10 spell levels left.
You knew the following spells:

 Your Spells              Type           Power        Failure   Level
a - Magic Dart            Conj           32%          9%          1

Your spell library contained the following spells:

 Spells                   Type           Power        Failure   Level
 Call Imp                 Summ           8%           12%         2
 Blink                    Tloc           N/A          19%         2
 Slow                     Hex            2%           28%         2
 Conjure Flame            Conj/Fire      5%           36%         3
 Mephitic Cloud           Conj/Pois/Air  4%           38%         3


Dungeon Overview and Level Annotations

Branches:
Dungeon (3/15)

Altars:


Innate Abilities, Weirdness & Mutations

You cannot wear most types of armour.
You are very stealthy in the water. (Stealth+)
You are amphibious.
You can wear up to eight rings at the same time.
You can use your tentacles to constrict eight enemies at once.
Your skin changes colour to match your surroundings (Stealth+).
Your rubbery body absorbs attacks. (AC +1, EV +1)


Message History

You kill the jackal!
* * * LOW HITPOINT WARNING * * *
You feel sick.
It was a potion of might.
You feel very mighty all of a sudden.
It was a potion of magic.
Magic courses through your body.
* * * LOW HITPOINT WARNING * * *
You feel sick.
It was a potion of degeneration.
There was something very wrong with that liquid.
You feel weakened.
You feel dopey.
You feel clumsy.
You feel agile.
k - a +6 ring of dexterity (left tentacle)
There is a lethal amount of poison in your body!
* * * LOW HITPOINT WARNING * * *
You feel sick.
* * * LOW HITPOINT WARNING * * *
You feel sick.
Found 17 arrows and a scroll labelled AMUOHI HEXETIPH.
You die...

.. ##...#####
....Sh.†.# #..
#†# ### #..
####.## ....#..
#.....# .......
#.##..#
.......##.##..#
....(..@......#
......#.#####.#
...?. #.# #.#
....###.### #.#
...
#.....###.###
..
#........†[.# .
#.....###.#.#
#..[<.###.#.#
#.....##..#.#


There were no monsters in sight!

Vanquished Creatures
  3 gnolls (D:2)
  5 adders
  An ooze (D:2)
  2 worms (D:2)
  A dart slug (D:1)
  A leopard gecko (D:1)
  3 giant cockroaches
  A goblin (D:2)
  4 hobgoblins
  5 jackals (D:3)
  6 bats
  2 frilled lizards
  2 kobolds
  3 rats
39 creatures vanquished.

Notes
Turn   | Place    | Note
-------+----------+-------------------------------------------
     0 | D:1      | thiole the Octopode Hedge Wizard began the quest for the
                  | Orb.
     0 | D:1      | Reached XP level 1. HP: 11/11 MP: 4/4
   265 | D:1      | Reached XP level 2. HP: 17/17 MP: 0/6
   545 | D:2      | Reached skill level 3 in Stealth
   596 | D:2      | Reached XP level 3. HP: 21/21 MP: 1/7
   981 | D:2      | Found a faded altar of an unknown god.
  1077 | D:2      | Reached XP level 4. HP: 24/27 MP: 2/9
  1497 | D:2      | Reached skill level 4 in Stealth
  1895 | D:3      | Reached XP level 5. HP: 8/31 MP: 6/10
  1906 | D:3      | HP: 1/31 [poisoned by an adder]
  1909 | D:3      | Succumbed to an adder's poison

Illustrated notes

Levels and vault maps discovered:
D:1:      shiori_arrival_maze, layout_rooms
D:2:      layout_rooms, chequers_ecumenical_altar_simple, minmay_circled_x
D:3:      layout_loops_cross

Skill      XL: |  1  2  3  4 |
---------------+-------------+-----
Stealth        | 3 4 |  4.7
Conjurations   | 2 |  2.0
Summonings     | 2 |  2.0
Dodging        | |  2.0
Spellcasting   | |  3.9
Translocations | |  1.0

Action                   |  1- 3 |  4- 6 || total
-------------------------+-------+-------++-------
Melee: Dagger            |    29 |    40 ||    69
       Tentacles         |    10 |     4 ||    14
       Constrict         |     8 |     7 ||    15
 Cast: Magic Dart        |    47 |    29 ||    76
  Use: Potion            |       |     4 ||     4
 Stab: Sleeping          |     1 |       ||     1
Armor: Skin              |     8 |     1 ||     9
Dodge: Dodged            |    14 |    19 ||    33
